 Dungeon Crawl Stone Soup version 0.24-a0-584-g9d6b971ae4 (webtiles) character file.

Game seed: 13800484593264395872, levelgen mode: deterministic

18195 DEFE the Basher (level 12, 0/89 HPs)
             Began as a Centaur Transmuter on Sept 2, 2019.
             Was a High Priest of Okawaru.
             Slain by a wyvern (10 damage)
             ... on level 1 of the Lair of Beasts.
             The game lasted 00:16:33 (12544 turns).

DEFE the Basher (Centaur Transmuter)               Turns: 12544, Time: 00:16:34

Health: 0/89       AC: 19    Str: 23    XL:     12   Next: 25%
Magic:  16/18      EV:  8    Int: 14    God:    Okawaru [*****.]
Gold:   506        SH: 20    Dex: 10    Spells: 13/14 levels left

rFire    + . .     SeeInvis .   S - +3 morningstar (venom)
rCold    + . .     Gourm    .   p - +0 large shield
rNeg     . . .     Faith    .   j - +5 scale mail "Mocs" {rPois Str+2 Stlth+}
rPois    +         Spirit   .   f - +1 hat {MR+}
rElec    .         Reflect  .   D - scarf {rC+ rF+}
rCorr    +         Harm     .   w - +0 pair of gloves
MR       ++...                  O - +0 centaur barding of Reason {MR+ rCorr Str+3 Int+2}
Stlth    ++........             (no amulet)
HPRegen  0.24/turn              q - ring of poison resistance
MPRegen  0.16/turn              (no ring)

@: heroism, very quick
A: large, hooves 3, deformed body, speed 2, tough skin 3
a: Heroism, Finesse, Renounce Religion


You were on level 1 of the Lair of Beasts.
You worshipped Okawaru.
Okawaru was extremely pleased with you.
You were hungry.

You visited 3 branches of the dungeon, and saw 13 of its levels.
You also visited: Ice Cave.

You collected 742 gold pieces.
You spent 236 gold pieces at shops.

Inventory:

Hand Weapons
 h - a +0 dagger
 k - a cursed -2 whip
 u - a +0 mace
 y - the +8 whip of Misery {antimagic, *Rage Int+4 Stlth+}
   (You found it on level 6 of the Dungeon)

   It reduces the magical energy of the wielder, and disrupts the spells and
   magical abilities of those hit.
   Natural abilities and divine invocations are not affected.
   It affects your intelligence (+4).
   It may make you go berserk in combat.
   It makes you more stealthy.
 C - a +0 morningstar
 R - a +2 morningstar of crushing
 S - a +3 morningstar of venom (weapon)
Missiles
 o - 28 poisoned darts (quivered)
Armour
 b - a +0 robe
 f - a +1 hat of magic resistance (worn)
 j - the +5 scale mail "Mocs" (worn) {rPois Str+2 Stlth+}
   (You found it on level 4 of the Dungeon)

   It affects your strength (+2).
   It protects you from poison.
   It makes you more stealthy.
 m - a +3 leather armour
 n - a +2 buckler
 p - a +0 large shield (worn)
 t - a +0 chain mail
 w - a +0 pair of gloves (worn)
 x - a +0 cloak
 D - a scarf of resistance (worn)
 O - the +0 centaur barding of Reason (worn) {MR+ rCorr Str+3 Int+2}
   (Okawaru gifted it to you on level 10 of the Dungeon)

   It affects your strength (+3).
   It affects your intelligence (+2).
   It affects your resistance to hostile enchantments.
   It provides partial protection from all sources of acid and corrosion.
Jewellery
 q - a ring of poison resistance (left hand)
Wands
 v - a wand of polymorph (17)
 K - a wand of paralysis (1)
 L - a wand of iceblast (24)
 N - a wand of clouds (6)
Scrolls
 c - 4 scrolls of teleportation
 e - 2 scrolls of immolation
 r - 9 scrolls of remove curse
 s - 2 scrolls of fog
 E - 2 scrolls of enchant armour
 F - 3 scrolls of brand weapon
 G - 2 scrolls of enchant weapon
 J - 2 scrolls of magic mapping
 P - a scroll of amnesia
Potions
 a - 2 potions of agility
 g - a potion of mutation
 l - 3 potions of might
 z - 2 potions of curing
 A - a potion of resistance
 B - 2 potions of cancellation
 H - a potion of magic {unknown}
 I - 2 potions of brilliance {unknown}
 M - a potion of lignification {unknown}
 Q - a potion of heal wounds {unknown}
Comestibles
 d - 19 rations


   Skills:
 - Level 3.0(8.0) Fighting
 + Level 12.5(17.5) Maces & Flails
 - Level 1.7(6.7) Dodging
 + Level 9.6(14.6) Shields
 - Level 3.2(8.2) Unarmed Combat
 - Level 1.6 Spellcasting
 - Level 1.7 Transmutations
 - Level 8.0 Invocations


You had 13 spell levels left.
You knew the following spells:

 Your Spells              Type           Power        Failure   Level  Hunger
a - Beastly Appendage     Tmut           #.....       30%         1    ##.....

Your spell library contained the following spells:

 Spells                   Type           Power        Failure   Level  Hunger
 Sticks to Snakes         Tmut           #.......     43%         2    ###....
 Magic Dart               Conj           #...         54%         1    ##.....
 Shock                    Conj/Air       #...         54%         1    ##.....
 Blink                    Tloc           N/A          69%         2    ###....
 Call Imp                 Summ           #.......     69%         2    ###....
 Shroud of Golubria       Chrm/Tloc      #.....       69%         2    ###....
 Slow                     Hex            #.......     69%         2    ###....
 Swiftness                Chrm/Air       #.......     69%         2    ###....
 Spider Form              Tmut/Pois      #.........   80%         3    ####...
 Conjure Flame            Conj/Fire      #.......     89%         3    ####...
 Gell's Gravitas          Tloc           #.........   89%         3    ####...
 Lesser Beckoning         Tloc           #.........   89%         3    ####...
 Mephitic Cloud           Conj/Pois/Air  #.......     89%         3    ####...
 Static Discharge         Conj/Air       #.......     89%         3    ####...
 Teleport Other           Tloc           #.......     89%         3    ####...
 Ice Form                 Ice/Tmut       #.......     99%         4    #####..
 Airstrike                Air            #.........   100%        4    #####..
 Passage of Golubria      Tloc           N/A          100%        4    #####..
 Blade Hands              Tmut           #.........   100%        5    ######.
 Lightning Bolt           Conj/Air       #.........   100%        5    ######.


Dungeon Overview and Level Annotations

Branches:
Dungeon (11/15)            Temple (1/1) D:5            Lair (1/6) D:10
    Orc (0/2) D:9           IceCv (visited)

Altars:
Elyvilon
Hepliaklqana
Kikubaaqudgha
Okawaru
Ru
Sif Muna
Trog
Uskayaw
Vehumet
Wu Jian
The Shining One

Shops:
D:4 *   D:5 [   D:8 ?


Innate Abilities, Weirdness & Mutations

You have hooves in place of feet.
Armour fits poorly on your strangely shaped body.
You cover ground very quickly.
You have extremely tough skin. (AC +3)


Message History

You take 12 damage, and have 22/89 hp.
You barely miss the five-headed hydra. You kick the five-headed hydra!
The wyvern bites you!
* * * LOW HITPOINT WARNING * * *
You block the wyvern's attack.
You take 9 damage, and have 13/89 hp.
Unknown command.
You hit the five-headed hydra. Your kick misses the five-headed hydra.
You block the five-headed hydra's attack.
The five-headed hydra bites you but does no damage.
You block the five-headed hydra's attack. x2
The five-headed hydra bites you.
* * * LOW HITPOINT WARNING * * *
You block the wyvern's attack.
You take 3 damage, and have 10/89 hp.
You impale the five-headed hydra!!
You kill the five-headed hydra!
Okawaru accepts your kill. The wyvern bites you!
You die...

.....................
.....................
#...#####.###<.###.#
...#.#.######..##.##
..(..................
.....................
#####..###.###P####P
######.l#.#######
.......@.......
........?......
P...####.#####. #P.#
## #.. P.


You could see a wyvern.

Vanquished Creatures
  A hydra (Lair:1)
  Erica (D:10)
  A two-headed ogre (D:11)
  Urug (D:11)
  Nergalle (D:11)
  Sonja (D:11)
  2 unseen horrors
  A necromancer (IceCv)
  A manticore (D:11)
  Joseph (D:10)
  4 ice statues (IceCv)
  Maurice (D:11)
  5 ice devils (IceCv)
  A troll (D:10)
  2 hippogriffs
  Sigmund (D:5)
  A vampire (D:11)
  A wyvern (D:10)
  6 yaks (D:11)
  Eustachio (D:3)
  3 hungry ghosts
  A water moccasin (D:6)
  Duvessa (D:7)
  12 ice beasts
  A sky beast (D:10)
  3 orc warriors
  3 black bears
  2 phantoms
  2 wolves (D:10)
  3 centaurs
  9 ogres
  A crocodile (D:9)
  A big kobold (D:7)
  Blork the orc (D:4)
  7 bullfrogs
  Dowan (D:7)
  A water moccasin zombie (D:8)
  4 scorpions
  7 killer bees
  8 wights
  2 electric eels (D:10)
  6 howler monkeys
  5 crimson imps
  2 bullfrog zombies
  A centaur zombie (D:5)
  14 hounds
  2 jellies
  4 orc priests
  3 bullfrog skeletons
  5 orc wizards
  2 centaur skeletons
  4 iguanas
  13 worker ants
  2 human simulacra (D:11)
  4 adders
  3 gnolls (D:5)
  A naga simulacrum (IceCv)
  An ooze (D:5)
  An adder skeleton (D:7)
  2 worms
  4 dart slugs
  8 leopard geckos
  34 orcs
  8 giant cockroaches
  10 goblins
  3 hobgoblins
  9 jackals
  5 quokkas
  A ball python (D:2)
  3 bats
  9 frilled lizards
  12 kobolds
  7 rats
295 creatures vanquished.

Notes
Turn   | Place    | Note
-------+----------+-------------------------------------------
     0 | D:1      | DEFE the Centaur Transmuter began the quest for the Orb.
     0 | D:1      | Reached XP level 1. HP: 16/16 MP: 3/3
   148 | D:1      | Reached XP level 2. HP: 23/23 MP: 4/4
  1071 | D:2      | Reached XP level 3. HP: 29/29 MP: 5/5
  1475 | D:2      | Reached skill level 1 in Maces & Flails
  1915 | D:3      | Reached XP level 4. HP: 29/38 MP: 6/6
  2194 | D:3      | Reached skill level 2 in Maces & Flails
  2593 | D:4      | Noticed Blork the orc
  2630 | D:3      | Reached skill level 3 in Maces & Flails
  2630 | D:3      | Reached XP level 5. HP: 21/45 MP: 7/7
  2870 | D:4      | Noticed an ogre
  2893 | D:4      | Gained mutation: You are dopey. (Int -2) [potion of
                  | mutation]
  2893 | D:4      | Lost mutation: You are dopey. (Int -2) [potion of mutation]
  2896 | D:4      | Killed Blork the orc
  2896 | D:4      | Reached skill level 4 in Maces & Flails
  2896 | D:4      | Reached XP level 6. HP: 16/51 MP: 8/8
  2916 | D:4      | Noticed Eustachio
  3251 | D:3      | Killed Eustachio
  3251 | D:3      | Reached skill level 5 in Maces & Flails
  3393 | D:4      | Got a warped scale mail
  3404 | D:4      | Identified the +5 scale mail "Mocs" {rPois Str+2 Stlth+}
                  | (You found it on level 4 of the Dungeon)
  3418 | D:4      | Found Iggelesm's General Store.
  3425 | D:4      | Bought a +0 large shield for 49 gold pieces
  3504 | D:4      | Reached XP level 7. HP: 51/57 MP: 9/9
  3596 | D:4      | Found a radiant altar of Vehumet.
  3746 | D:4      | Reached skill level 1 in Shields
  3865 | D:5      | Entered Level 5 of the Dungeon
  3908 | D:5      | Reached skill level 6 in Maces & Flails
  4118 | D:5      | Found a staircase to the Ecumenical Temple.
  4166 | Temple   | Entered the Ecumenical Temple
  4264 | Temple   | Became a worshipper of Warmaster Okawaru
  4326 | D:5      | Noticed Sigmund
  4337 | D:5      | Killed Sigmund
  4345 | D:5      | Reached * piety under Okawaru
  4387 | D:5      | Found Xucolis's Armour Shop.
  4392 | D:5      | Bought a +0 pair of gloves for 58 gold pieces
  4392 | D:5      | Bought a +0 cloak for 58 gold pieces
  4427 | D:5      | Reached XP level 8. HP: 63/63 MP: 10/10
  4479 | D:5      | Reached skill level 1 in Invocations
  4690 | D:5      | Reached skill level 7 in Maces & Flails
  4935 | D:6      | Got a crystal whip
  4936 | D:6      | Identified the +8 whip of Misery {antimagic, *Rage Int+4
                  | Stlth+} (You found it on level 6 of the Dungeon)
  5114 | D:6      | Reached ** piety under Okawaru
  5314 | D:6      | Reached XP level 9. HP: 45/69 MP: 4/12
  5838 | D:7      | Reached skill level 8 in Maces & Flails
  5838 | D:7      | Reached skill level 5 in Invocations
  5941 | D:7      | Noticed Dowan
  5942 | D:7      | Noticed Duvessa
  5958 | D:7      | Killed Duvessa
  5966 | D:7      | Killed Dowan
  6179 | D:7      | Reached *** piety under Okawaru
  6296 | D:7      | Reached skill level 5 in Shields
  6692 | D:8      | Reached **** piety under Okawaru
  6779 | D:8      | Found Cemoid Tiomm's Magic Scroll Shoppe.
  6796 | D:8      | Reached skill level 9 in Maces & Flails
  6798 | D:8      | Reached XP level 10. HP: 77/77 MP: 5/15
  6823 | D:8      | Bought a scroll of identify for 26 gold pieces
  6823 | D:8      | Bought a scroll of magic mapping for 45 gold pieces
  7376 | D:8      | Killed an unseen horror
  8454 | D:9      | Found a staircase to the Orcish Mines.
  8999 | D:10     | Entered Level 10 of the Dungeon
  9005 | D:10     | Reached ***** piety under Okawaru
  9015 | D:10     | Reached skill level 10 in Maces & Flails
  9092 | D:10     | Noticed Erica
  9101 | D:10     | Killed Erica
  9205 | D:10     | Received a gift from Okawaru
  9223 | D:10     | Reached XP level 11. HP: 82/82 MP: 5/17
  9263 | D:10     | Got a polished centaur barding {god gift}
  9269 | D:10     | Identified the +0 centaur barding of Reason {MR+ rCorr
                  | Str+3 Int+2} (Okawaru gifted it to you on level 10 of the
                  | Dungeon)
  9359 | D:10     | Found a staircase to the Lair.
  9516 | D:10     | Noticed Joseph
  9529 | D:10     | Killed Joseph
  9980 | D:11     | Noticed Urug
  9989 | D:11     | Killed Urug
 10084 | D:11     | Noticed Nergalle
 10093 | D:11     | Reached skill level 11 in Maces & Flails
 10100 | D:11     | Killed Nergalle
 10334 | D:11     | Found a frozen archway.
 10334 | D:11     | Noticed Sonja
 10348 | D:11     | Killed Sonja
 10383 | IceCv    | Entered an ice cave
 11226 | IceCv    | Reached skill level 12 in Maces & Flails
 11565 | IceCv    | Noticed a necromancer
 11571 | IceCv    | Killed a necromancer
 11571 | IceCv    | Received a gift from Okawaru
 11571 | IceCv    | Reached XP level 12. HP: 77/89 MP: 3/18
 11753 | D:11     | Noticed Maurice
 11763 | D:11     | Killed Maurice
 11895 | D:11     | Noticed a two-headed ogre
 11900 | D:11     | Killed a two-headed ogre
 12517 | Lair:1   | Entered Level 1 of the Lair of Beasts
 12533 | Lair:1   | Noticed a five-headed hydra
 12544 | Lair:1   | Killed a five-headed hydra
 12544 | Lair:1   | Slain by a wyvern

Levels and vault maps discovered:
D:1:      roderic_chinese_lattice_arrival, layout_basic, fountainhead
D:2:      layout_loops_corners, first_ration
D:3:      layout_rooms
D:4:      layout_cave_pools, vehumet_crystals, serial_shops,
          nicolae_shop_statue_plus, uniq_eustachio, uniq_blork_the_orc
D:5:      layout_loops_cross, minmay_temple_entry_wispy, serial_shops,
          nicolae_shop_stone, uniq_sigmund
D:6:      layout_basic
D:7:      layout_loops_cross, grunt_ogre_cave, uniq_duvessa
D:8:      kennysheep_big_flooded_room, layout_cave_pods, serial_shops, shop
D:9:      layout_roguey, hiddenorc1_lemuel
D:10:     layout_loops_ring, erik_lair_island, minmay_misc_feat_rugged,
          uniq_joseph, uniq_erica
D:11:     layout_loops_cross, portal_ice_cave_entry_ice_beasts,
          bh_circular_ruins, uniq_nergalle, uniq_urug, uniq_sonja, uniq_maurice
Temple:   roderic_octagonal_lattice_temple
Lair:1:   layout_long_grid, grunt_forest_small_clearings

Skill      XL: |  1  2  3  4  5  6  7  8  9 10 11 |
---------------+----------------------------------+-----
Fighting       | 2 3 |  3.0
Maces & Flails | 1 3 4 5 6 7 9 10 12 | 12.5
Shields        | 2 4 5 7 9 |  9.6
Invocations    | 4 6 8 |  8.0
Dodging        | |  1.7
Unarmed Combat | |  3.2
Spellcasting   | |  1.6
Transmutations | |  1.7

Action                   |  1- 3 |  4- 6 |  7- 9 | 10-12 || total
-------------------------+-------+-------+-------+-------++-------
Melee: Unarmed           |   145 |    97 |    65 |       ||   307
       Kick              |    24 |    15 |    95 |   169 ||   303
       Mace              |       |       |   132 |       ||   132
       Whip              |       |       |   231 |   529 ||   760
       Morningstar       |       |       |       |    47 ||    47
Throw: Dart              |     4 |    22 |    12 |       ||    38
Invok: Heroism           |       |       |       |     4 ||     4
Evoke: Wand              |       |       |       |     7 ||     7
  Use: Scroll            |       |     4 |       |    11 ||    15
       Potion            |       |     3 |     1 |     1 ||     5
 Stab: Sleeping          |       |       |     2 |       ||     2
       Paralysed         |       |       |       |     6 ||     6
  Eat: Chunk             |     1 |     2 |     9 |    12 ||    24
       Ration            |       |     1 |     1 |     1 ||     3
Armor: Robe              |    38 |       |       |       ||    38
       Leather armour    |    15 |    41 |       |       ||    56
       Scale mail        |       |     5 |   179 |   154 ||   338
Dodge: Dodged            |    67 |    55 |    31 |    30 ||   183
Block: Buckler           |     5 |    19 |       |       ||    24
       Large shield      |       |     3 |   257 |   288 ||   548

Table legend:
 A = Non-vault XP
 B = Vault XP
 C = Vault XP percentage of total XP
 D = Non-vault monster count
 E = Vault monster count
 F = Vault count percentage of total count
                 A         B        C        D         E       F
            +---------+---------+-------+---------+---------+-------
      Total |   13908 |   12085 |  46.5 |     235 |      60 |  20.3
            +---------+---------+-------+---------+---------+-------
        D:1 |      25 |       0 |   0.0 |      14 |       0 |   0.0
        D:2 |      56 |       0 |   0.0 |      24 |       0 |   0.0
        D:3 |     232 |     191 |  45.2 |      17 |       1 |   5.6
        D:4 |     311 |      90 |  22.4 |       8 |       1 |  11.1
        D:5 |     649 |     227 |  25.9 |      26 |       1 |   3.7
        D:6 |    1388 |       0 |   0.0 |      28 |       0 |   0.0
        D:7 |    1207 |     344 |  22.2 |      28 |       3 |   9.7
        D:8 |    2290 |     804 |  26.0 |      37 |       2 |   5.1
        D:9 |     935 |     256 |  21.5 |      14 |      17 |  54.8
       D:10 |    1278 |    2126 |  62.5 |      12 |      10 |  45.5
       D:11 |    4443 |    3889 |  46.7 |      25 |      14 |  35.9
     Lair:1 |    1094 |       0 |   0.0 |       2 |       0 |   0.0
      IceCv |       0 |    4158 | 100.0 |       0 |      11 | 100.0
            +---------+---------+-------+---------+---------+-------
